 Dungeon Crawl Stone Soup version 0.20.0-15-g7f486f2 (webtiles) character file.

147950 vishdafish the Slayer (level 16, -6/165 HPs)
             Began as a Minotaur Fighter on June 20, 2017.
             Was the Champion of Okawaru.
             Mangled by a rakshasa
             ... wielding a +0 whip
              (13 damage)
             ... on level 2 of the Abyss.
             The game lasted 02:39:28 (31562 turns).

vishdafish the Slayer (Minotaur Fighter)           Turns: 31562, Time: 02:39:29

Health: -6/165     AC: 37    Str: 35    XL:     16   Next: 93%
Magic:  0/6        EV: 19    Int:  5    God:    Okawaru [******]
Gold:   2456       SH: 21    Dex: 14    Spells: 14/15 levels left

rFire    + + .     SeeInvis +   B - +1 broad axe "Mupnanit" {antimagic, rF+ Str+4}
rCold    + . .     Gourm    .   O - +0 shield of Negation {+Blink Str+7}
rNeg     . . .     Faith    .   H - +27 Lear's hauberk
rPois    .         Spirit   +   (helmet currently unavailable)
rElec    .         Reflect  +   p - scarf {Spirit}
rCorr    .         Harm     .   (gloves currently unavailable)
MR       +....                  (boots currently unavailable)
Stlth    ..........             e - +5 amulet of reflection
Regen    0.0/turn               Z - ring of see invisible
MPRegen  0.1/turn               I - +2 ring of evasion

@: about to teleport, finesse, non-regenerating, mildly diseased
A: retaliatory headbutt, horns 2, repulsion field 1, rugged brown scales 1,
camouflage 1, [blurry vision 1], cold resistance 1, deformed body, fire
resistance 1, frail 1, evolution 1
a: Heroism, Finesse, Renounce Religion, Evoke Blink


You were on level 2 of the Abyss.
You worshipped Okawaru.
Okawaru was exalted by your worship.
You were very full.

You visited 6 branches of the dungeon, and saw 29 of its levels.
You visited the Abyss 1 time.
You also visited: Labyrinth, Bailey and Volcano.

You collected 2456 gold pieces.

Inventory:

Hand Weapons
 i - the +10 spear of Zijo {flame, rPois}
   (You found it on level 12 of the Dungeon)

   It has been specially enchanted to burn those struck by it, causing extra
   injury to most foes and up to half again as much damage against particularly
   susceptible opponents.
   It protects you from poison.
 t - the +6 arbalest of Hospitality {penet, +Blink rPois}
   (You found it on level 5 of the Lair of Beasts)

   Ammo fired by it will pass through the targets it hits, potentially hitting
   all targets in its path until it reaches maximum range.
   It protects you from poison.
   It lets you blink.
 B - the +1 broad axe "Mupnanit" (weapon) {antimagic, rF+ Str+4}
   (Okawaru gifted it to you on level 15 of the Dungeon)

   It reduces the magical energy of the wielder, and disrupts the spells and
   magical abilities of those hit.
   Natural abilities and divine invocations are not affected.
   It affects your strength (+4).
   It protects you from fire.
Armour
 p - a scarf of spirit shield (worn)
 H - the +27 Lear's hauberk (worn)
   (You found it on level 6 of the Dungeon)
 O - the +0 shield of Negation (worn) {+Blink Str+7}
   (You found it on level 7 of the Dungeon)

   It affects your strength (+7).
   It lets you blink.
 V - a +1 shield of resistance
Jewellery
 e - a +5 amulet of reflection (around neck)
 n - an uncursed ring of flight
 I - a +2 ring of evasion (right hand)
 Y - an uncursed ring of protection from magic
 Z - a ring of see invisible (left hand)
Wands
 a - a wand of iceblast (3/15)
 b - a wand of clouds (2/9)
 y - a wand of flame (27/48)
 C - a wand of paralysis (9/24)
 E - a wand of flame (22/48)
 P - a wand of confusion (14/48)
 U - a wand of acid (9/15)
Scrolls
 d - 4 scrolls of identify
 f - 3 scrolls of enchant armour
 j - a scroll of blinking
 m - 6 scrolls of teleportation
 r - 4 scrolls of amnesia
 z - 4 scrolls of fear
 D - 6 scrolls of fog
 K - 3 scrolls of remove curse
 N - 2 scrolls of magic mapping
 S - a scroll of torment
 X - 6 scrolls of enchant weapon
Potions
 g - 2 potions of magic
 k - 11 potions of curing
 o - 4 potions of ambrosia
 q - 8 potions of heal wounds
 u - 4 potions of flight
 x - 5 potions of cancellation
 Q - 7 potions of haste
 W - a potion of resistance
Books
 c - a book of Necromancy

   Spells                             Type                      Level
   a - Pain                           Necromancy                   1
   b - Animate Skeleton               Necromancy                   1
   c - Vampiric Draining              Necromancy                   3
   d - Regeneration                   Charms/Necromancy            3
   e - Animate Dead                   Necromancy                   4
   f - Control Undead                 Necromancy                   4
 s - a book of the Dragon

   Spells                             Type                      Level
   a - Flame Tongue                   Conjuration/Fire             1
   b - Cause Fear                     Hexes                        4
   c - Bolt of Fire                   Conjuration/Fire             6
   d - Dragon Form                    Transmutation                7
   e - Dragon's Call                  Summoning                    9
 v - a book of Party Tricks

   Spells                             Type                      Level
   a - Summon Butterflies             Summoning                    1
   b - Apportation                    Translocation                1
   c - Lesser Beckoning               Translocation                3
   d - Tukima's Dance                 Hexes                        3
   e - Alistair's Intoxication        Transmutation/Poison         5
   f - Invisibility                   Hexes                        6
 w - a book of Conjurations

   Spells                             Type                      Level
   a - Magic Dart                     Conjuration                  1
   b - Searing Ray                    Conjuration                  2
   c - Dazzling Spray                 Conjuration/Hexes            3
   d - Fulminant Prism                Conjuration/Hexes            4
   e - Force Lance                    Conjuration/Translocation    4
   f - Iskenderun's Mystic Blast      Conjuration                  4
 A - a book of Air

   Spells                             Type                      Level
   a - Shock                          Conjuration/Air              1
   b - Swiftness                      Charms/Air                   2
   c - Static Discharge               Conjuration/Air              3
   d - Airstrike                      Air                          4
   e - Lightning Bolt                 Conjuration/Air              5
 F - a book of Flames

   Spells                             Type                      Level
   a - Flame Tongue                   Conjuration/Fire             1
   b - Throw Flame                    Conjuration/Fire             2
   c - Conjure Flame                  Conjuration/Fire             3
   d - Inner Flame                    Hexes/Fire                   3
   e - Sticky Flame                   Conjuration/Fire             4
   f - Fireball                       Conjuration/Fire             5
 G - a book of Changes

   Spells                             Type                      Level
   a - Beastly Appendage              Transmutation                1
   b - Sticks to Snakes               Transmutation                2
   c - Spider Form                    Transmutation/Poison         3
   d - Ice Form                       Ice/Transmutation            4
   e - Blade Hands                    Transmutation                5
 L - a book of Battle

   Spells                             Type                      Level
   a - Infusion                       Charms                       1
   b - Shroud of Golubria             Charms/Translocation         2
   c - Song of Slaying                Charms                       2
   d - Spectral Weapon                Hexes/Charms                 3
   e - Regeneration                   Charms/Necromancy            3
 M - a book of Summonings

   Spells                             Type                      Level
   a - Recall                         Summoning/Translocation      3
   b - Aura of Abjuration             Summoning                    5
   c - Summon Demon                   Summoning                    5
   d - Summon Forest                  Summoning/Translocation      5
   e - Summon Mana Viper              Hexes/Summoning              5
   f - Shadow Creatures               Summoning                    6
 R - a Grand Grimoire

   Spells                             Type                      Level
   a - Monstrous Menagerie            Summoning                    7
   b - Summon Greater Demon           Summoning                    7
   c - Malign Gateway                 Summoning/Translocation      7
   d - Summon Horrible Things         Summoning                    8
 T - a book of Callings

   Spells                             Type                      Level
   a - Summon Small Mammal            Summoning                    1
   b - Call Imp                       Summoning                    2
   c - Call Canine Familiar           Summoning                    3
   d - Summon Guardian Golem          Hexes/Summoning              3
   e - Summon Lightning Spire         Summoning/Air                4
   f - Summon Ice Beast               Ice/Summoning                4
Comestibles
 l - 11 meat rations
 J - 8 royal jellies


   Skills:
 - Level 25.0 Fighting
 + Level 11.6 Axes
 - Level 0.5(7.4) Polearms
 + Level 14.9 Armour
 * Level 9.3 Dodging
 - Level 0.6 Stealth
 - Level 17.2 Shields
 - Level 4.7 Invocations
 - Level 3.6 Evocations


You had 14 spell levels left.
You knew the following spells:

 Your Spells              Type           Power        Failure   Level  Hunger
a - Infusion              Chrm           #...         83%         1    ##.....


Dungeon Overview and Level Annotations

Branches:
Dungeon (15/15)            Temple (1/1) D:7            Lair (6/6) D:11
  Swamp (0/4) Lair:4        Snake (4/4) Lair:2        Slime (0/5) Lair:5
    Orc (2/2) D:10            Elf (0/3) Orc:2        Vaults (0/5) D:13
 Depths (1/5) D:15

Altars:
Ashenzari
Cheibriados
Dithmenos
Elyvilon
Fedhas
Gozag
Hepliaklqana
Kikubaaqudgha
Makhleb
Nemelex Xobeh
Okawaru
Qazlal
Ru
Sif Muna
Trog
Uskayaw
Vehumet
Xom
Yredelemnul
Zin
The Shining One
Beogh
Jiyva

Shops:
D:12 %   Orc:2 [(*:

Portals:
Trove: D:13 (give 12 potions of heal wounds)

Annotations:
D:2 Sigmund
D:5 Prince Ribbit
Snake:1 exclusion: oklob plant
Snake:3 Mara


Innate Abilities, Weirdness & Mutations

You reflexively headbutt those who attack you in melee.
You have a pair of horns on your head.
You are surrounded by a mild repulsion field. (EV +2)
You are partially covered in rugged brown scales. (AC +1, +3% HP)
Your skin changes colour to match your surroundings (Stealth+).
Your flesh is cold resistant. (rC+)
Armour fits poorly on your strangely shaped body.
Your flesh is heat resistant. (rF+)
You are frail. (-10% HP)
You evolve.
[Scrolls take you a little longer to read.]


Message History

* * * LOW HITPOINT WARNING * * *
You block the Executioner's attack. The Executioner misses you.
The Executioner hits you but does no damage. x2
The Executioner misses you.
The Executioner hits you but does no damage.
The Executioner completely misses you. You furiously retaliate!
You headbutt the Executioner!
The Executioner hits you but does no damage.
The Executioner hits you.
* * * LOW HITPOINT WARNING * * *
The Executioner hits you!
* * * LOW HITPOINT WARNING * * *
The Executioner hits you but does no damage. x2
The rakshasa falters for a moment.
The Executioner hits you but does no damage.
You block the Executioner's attack. x2; The Executioner closely misses you.
The Executioner hits you but does no damage. x2
The tentacled starspawn completely misses you. x2
The rakshasa hits you with a whip!
You die...

.# # [#..X≈ #
§..... # ##
#.XX... . ##.
....... #.##
3.3.... ##..##
##Xw#..#
##.#..###RX─...##
#.(......@1Xw....
#........11......
#...........#####
#..##..##..# ##.
##..##..# #.
........#
###..........
#.##..##..#.
####.. .. .#


You could see 2 starcursed masses, a tentacled starspawn, 3 Executioners, a
rakshasa, 3 large abominations, 2 smoke demons and 2 starspawn tentacles.

Vanquished Creatures
  Asterion (Snake:3)
  Rupert (D:13)
  Gastronok (Lair:2)
  Kirke (D:13)
  An orc warlord (Orc:1)
  3 nagarajas
  A draconian knight (Abyss:2)
  Aizul (Snake:1)
  14 slime creatures
  Snorg (Orc:1)
  A fire dragon (Lair:4)
  A minotaur (Lab)
  A rakshasa (D:15)
  6 hydras
  6 naga warriors
  2 centaur warriors
  5 two-headed ogres
  7 anacondas
  4 death yaks (Lair:6)
  An orc high priest (Orc:1)
  2 thrashing horrors (Abyss:2)
  5 shock serpents
  The ghost of Haldmier the Frost Mage, a journeyman DEIE of Sif Muna (D:11)
  Sonja (Lair:2)
  3 naga sharpshooters
  3 wretched stars (Abyss:2)
  A salamander mystic (Snake:3)
  An unseen horror (shapeshifter) (D:15)
  2 unseen horrors (D:13)
  The ghost of vishdafish the Cleaver, a novice MiFi of Okawaru (D:7)
  A glowing orange brain (D:15)
  A wizard (D:15)
  3 naga ritualists
  4 large abominations (Abyss:2)
  6 orc knights
  3 orc sorcerers (Orc:2)
  9 mana vipers
  3 manticores
  9 salamanders
  3 cyclopes
  5 ugly things
  A centaur zombie (D:10)
  Maurice (D:9)
  A worldbinder (Abyss:2)
  7 guardian serpents
  4 elephants (Lair:5)
  The ghost of CalmDownMonkey the Ruffian, a novice TrMo of Ru (D:5)
  13 naga magi
  A smoke demon (Abyss:2)
  35 black mambas
  An eye of devastation (shapeshifter) (D:15)
  A gargoyle (D:15)
  An eye of devastation (Abyss:2)
  24 spiny frogs
  9 komodo dragons
  2 kobold demonologists (D:13)
  A rime drake (Lair:3)
  3 minotaur zombies (Lab)
  2 tengu conjurers (D:15)
  An ice devil (Abyss:2)
  3 ancient zymes (Abyss:2)
  A merfolk (D:11)
  4 tyrant leeches
  7 trolls
  9 hippogriffs
  12 blink frogs
  4 dream sheep (Lair:4)
  2 shadows
  3 spriggans (Lair:1)
  2 wraiths
  A water elemental (D:13)
  44 yaks
  A ynoxinul (Abyss:2)
  5 basilisks
  2 fire bats (Volcano)
  16 humans (D:13)
  2 chaos spawn (Abyss:2)
  2 fire elementals (Lair:4)
  5 hogs (D:13)
  6 vampire mosquitoes (Lair:6)
  6 hungry ghosts
  A neqoxec (Abyss:2)
  4 wargs
  Edmund (D:4)
  4 small abominations (Abyss:2)
  25 nagas
  An acid dragon (D:13)
  7 water moccasins
  5 porcupines
  A hell hound (Abyss:2)
  2 phantoms (D:8)
  8 ice beasts
  2 sky beasts
  A black bear (D:6)
  An eye of draining (D:13)
  24 orc warriors
  14 starcursed masses (Abyss:2)
  An eye of draining (shapeshifter) (D:15)
  4 centaurs
  17 wolves
  6 ogres
  10 crocodiles
  A big kobold (D:13)
  31 bullfrogs
  3 gnoll sergeants
  11 killer bees
  3 scorpions
  12 wights
  A spriggan skeleton (Lab)
  5 electric eels
  2 howler monkeys
  A lava snake (Volcano)
  4 crimson imps
  10 hounds
  4 jellies
  12 orc priests
  7 centaur skeletons
  2 bullfrog skeletons
  22 orc wizards
  6 iguanas
  Crazy Yiuf (D:2)
  9 worker ants
  A killer bee zombie (D:6)
  A hound zombie (D:7)
  Robin (D:4)
  15 gnolls
  11 adders
  2 shadow imps
  A white imp (Abyss:2)
  An ufetubus (Abyss:2)
  3 oozes
  An adder skeleton (D:9)
  3 worms
  9 leopard geckos
  72 orcs
  8 giant cockroaches
  17 goblins
  11 hobgoblins
  9 kobolds
  5 quokkas
  5 bats
  3 frilled lizards
  A jackal skeleton (D:7)
  4 rats
  4 fungi
  9 plants
855 creatures vanquished.

Vanquished Creatures (others)
  2 cyclopes
  A black mamba (Snake:2)
  5 orc warriors (Bailey)
  9 orcs (Bailey)
  19 fungi
  46 plants
82 creatures vanquished.

Grand Total: 937 creatures vanquished

Notes
Turn   | Place    | Note
-------+----------+-------------------------------------------
     0 | D:1      | vishdafish the Minotaur Fighter began the quest for the Orb.
     0 | D:1      | Reached XP level 1. HP: 19/19 MP: 0/0
   224 | D:1      | Reached XP level 2. HP: 27/27 MP: 1/1
   305 | D:1      | Reached skill level 4 in Fighting
   931 | D:2      | Reached XP level 3. HP: 33/33 MP: 2/2
  1109 | D:2      | Found a runed door.
  1113 | D:2      | Noticed Crazy Yiuf
  1121 | D:2      | Killed Crazy Yiuf
  1121 | D:2      | Reached XP level 4. HP: 15/40 MP: 3/3
  1397 | D:2      | Noticed Sigmund
  1414 | D:3      | Reached skill level 1 in Dodging
  1542 | D:3      | Reached XP level 5. HP: 46/46 MP: 4/4
  1601 | D:3      | Found a hazy altar of Hepliaklqana.
  1601 | D:3      | Found a snail-covered altar of Cheibriados.
  1606 | D:3      | Reached skill level 5 in Shields
  2259 | D:4      | Reached skill level 5 in Axes
  2259 | D:4      | Reached XP level 6. HP: 52/52 MP: 5/5
  2327 | D:4      | Noticed Robin
  2342 | D:4      | Killed Robin
  2394 | D:4      | Found an opulent altar of Gozag.
  2413 | D:4      | Noticed Edmund
  2436 | D:4      | Killed Edmund
  2436 | D:4      | Reached skill level 5 in Armour
  2736 | D:4      | Reached XP level 7. HP: 60/60 MP: 6/6
  3149 | D:5      | Entered Level 5 of the Dungeon
  3196 | D:5      | Found a bloodstained altar of Trog.
  3365 | D:5      | Noticed CalmDownMonkey's ghost (novice TrMo)
  3387 | D:5      | Killed CalmDownMonkey's ghost
  3387 | D:5      | Reached skill level 5 in Fighting
  3387 | D:5      | Reached XP level 8. HP: 40/68 MP: 7/7
  3490 | D:5      | Noticed Prince Ribbit
  3821 | D:6      | Got an encrusted quarterstaff
  3830 | D:6      | Identified the +5 quarterstaff "Iqupt" {freeze, *Drain rN+ Int+4 Stlth+} (You found it on level 6 of the Dungeon)
  4969 | D:7      | Found a staircase to the Ecumenical Temple.
  4994 | D:7      | Reached XP level 9. HP: 67/74 MP: 8/8
  5046 | Temple   | Entered the Ecumenical Temple
  5296 | D:7      | Noticed vishdafish's ghost (novice MiFi)
  5321 | D:7      | Killed vishdafish's ghost
  5321 | D:7      | Reached skill level 6 in Fighting
  5321 | D:7      | Reached skill level 10 in Axes
  5366 | D:7      | Found a glowing silver altar of Zin.
  5533 | D:7      | Got an amber-encrusted chain mail
  5563 | D:7      | Identified the cursed +1 chain mail of Tender Moments {*Contam rN+ Slay+5 Stlth+} (You found it on level 7 of the Dungeon)
  5568 | D:7      | Learned a level 1 spell: Infusion
  5622 | D:7      | Got a twisted shield
  5639 | D:7      | Identified the cursed +0 shield of Negation {+Blink Str+7} (You found it on level 7 of the Dungeon)
  5647 | D:7      | Found a deep blue altar of Sif Muna.
  5647 | D:7      | Found a burning altar of Makhleb.
  5647 | D:7      | Found an iron altar of Okawaru.
  5648 | D:7      | Found a stormy altar of Qazlal.
  5687 | D:7      | Became a worshipper of Warmaster Okawaru
  5987 | D:8      | Reached XP level 10. HP: 84/84 MP: 9/9
  6049 | D:8      | Gained mutation: You tend to lose your temper in combat. [mutagenic glow]
  6253 | D:8      | Found a hide-covered altar of Uskayaw.
  6254 | D:8      | Found an ancient bone altar of Kikubaaqudgha.
  6486 | D:9      | Noticed Maurice
  6506 | D:9      | Killed Maurice
  6506 | D:9      | Reached * piety under Okawaru
  6506 | D:9      | Reached skill level 10 in Shields
  6662 | D:9      | Found a stormy altar of Qazlal.
  6670 | D:9      | Found a sparkling altar of Nemelex Xobeh.
  6771 | D:9      | Reached skill level 7 in Fighting
  6771 | D:9      | Reached skill level 10 in Armour
  7114 | D:9      | Reached ** piety under Okawaru
  7216 | D:9      | Noticed a two-headed ogre
  7225 | D:9      | Killed a two-headed ogre
  7225 | D:9      | Reached skill level 5 in Dodging
  7305 | D:10     | Entered Level 10 of the Dungeon
  7339 | D:10     | Reached XP level 11. HP: 93/93 MP: 10/10
  7364 | D:10     | Found a staircase to the Orcish Mines.
  8144 | Orc:1    | Entered Level 1 of the Orcish Mines
  8249 | Orc:2    | Entered Level 2 of the Orcish Mines
  8272 | Orc:2    | Found a staircase to the Elven Halls.
  8546 | Orc:2    | Noticed an orc sorcerer
  8546 | Orc:2    | Noticed Snorg
  8594 | Orc:1    | Killed Snorg
  8594 | Orc:1    | Reached *** piety under Okawaru
  8594 | Orc:1    | Reached skill level 8 in Fighting
  8919 | Orc:2    | Killed an orc sorcerer
  9030 | Orc:2    | Noticed an orc high priest
  9074 | Orc:2    | Noticed a soul eater
  9216 | Orc:1    | Killed an orc high priest
  9275 | Orc:2    | Noticed an orc knight
  9278 | Orc:2    | Noticed an orc knight
  9279 | Orc:2    | Noticed an orc warlord
  9339 | Orc:1    | Killed an orc knight
  9339 | Orc:1    | Reached **** piety under Okawaru
  9344 | Orc:1    | Killed an orc knight
  9513 | Orc:2    | Noticed an orc sorcerer
  9514 | Orc:2    | Noticed an orc knight
  9551 | Orc:2    | Killed an orc sorcerer
  9598 | Orc:2    | Killed an orc knight
  9638 | Orc:2    | Found a roughly hewn altar of Beogh.
  9964 | Orc:1    | Killed an orc warlord
  9964 | Orc:1    | Reached ***** piety under Okawaru
  9964 | Orc:1    | Reached skill level 9 in Fighting
 10078 | Orc:2    | Found Eggilla's General Store.
 10083 | Orc:2    | Found Pusu's Book Shoppe.
 10114 | Orc:2    | Found Ireahoe's Antique Weapon Shoppe.
 10376 | Orc:2    | Reached XP level 12. HP: 80/104 MP: 11/11
 10385 | Orc:2    | Received a gift from Okawaru
 10535 | Orc:2    | Found Daxzea's Antique Armour Shoppe.
 11626 | D:11     | Noticed Haldmier's ghost (journeyman DEIE)
 11642 | D:11     | Found a staircase to the Lair.
 11647 | D:11     | Killed Haldmier's ghost
 11733 | D:11     | Noticed a two-headed ogre
 11747 | D:11     | Killed a two-headed ogre
 11859 | D:11     | Found a labyrinth entrance.
 11870 | Lab      | Entered a labyrinth
 11890 | Lab      | Reached skill level 10 in Fighting
 12197 | Lab      | Found an exit through the horrors of the Abyss.
 12437 | Lab      | Noticed a minotaur
 12441 | Lab      | Killed a minotaur
 12463 | Lab      | Reached skill level 15 in Shields
 12509 | Lab      | Reached skill level 1 in Evocations
 12674 | D:11     | Noticed a two-headed ogre
 12679 | D:11     | Killed a two-headed ogre
 12693 | D:11     | Lost mutation: You tend to lose your temper in combat. [potion of mutation]
 12693 | D:11     | Gained mutation: Potions are less effective at restoring your health. [potion of mutation]
 12693 | D:11     | Gained mutation: You are clumsy. (Dex -2) [potion of mutation]
 12693 | D:11     | Gained mutation: Your muscles are strong. (Str +2) [potion of mutation]
 12694 | D:11     | Lost mutation: Potions are less effective at restoring your health. [potion of mutation]
 12694 | D:11     | Lost mutation: You are clumsy. (Dex -2) [potion of mutation]
 12694 | D:11     | Lost mutation: Your muscles are strong. (Str +2) [potion of mutation]
 12694 | D:11     | Gained mutation: You occasionally shout uncontrollably at your foes. [potion of mutation]
 12694 | D:11     | Gained mutation: Your body sometimes deteriorates upon taking damage. [potion of mutation]
 12694 | D:11     | Gained mutation: Your flesh is cold resistant. (rC+) [potion of mutation]
 12696 | D:11     | Lost mutation: Your body sometimes deteriorates upon taking damage. [mutagenic meat]
 12697 | D:11     | Gained mutation: You are partially covered in rugged brown scales. (AC +1, +3% HP) [mutagenic meat]
 12700 | D:11     | Gained mutation: You expend magic power (3 MP) to strengthen your wands. [mutagenic meat]
 12701 | D:11     | Gained mutation: Armour fits poorly on your strangely shaped body. [mutagenic meat]
 13153 | Lair:1   | Entered Level 1 of the Lair of Beasts
 13338 | Lair:1   | Got an ancient leather armour
 13349 | Lair:1   | Identified the +6 leather armour of the Game Afoot {rPois Regen+ Dex-2} (You found it on level 1 of the Lair of Beasts)
 13417 | Lair:1   | Found a dark tunnel.
 13442 | Volcano  | Entered a volcano
 14222 | Lair:2   | Got a pitted rapier
 14244 | Lair:2   | Identified the cursed +1 rapier "Vurchippo" {pierce, +Fly Str+4} (You found it on level 2 of the Lair of Beasts)
 14977 | Lair:2   | Reached XP level 13. HP: 118/118 MP: 13/13
 15006 | Lair:2   | Found a staircase to the Snake Pit.
 15031 | Lair:2   | Received a gift from Okawaru
 15152 | Lair:2   | Got an encrusted buckler
 15178 | Lair:2   | Identified the +0 buckler of Uhauff {Regen+ Dex+4} (You found it on level 2 of the Lair of Beasts)
 15204 | Lair:2   | Noticed Gastronok
 15222 | Lair:2   | Killed Gastronok
 15222 | Lair:2   | Reached skill level 11 in Fighting
 15447 | Lair:2   | Noticed Sonja
 15452 | Lair:2   | Killed Sonja
 17675 | D:12     | Received a gift from Okawaru
 17677 | D:12     | Got a slimy dagger {god gift}
 17678 | D:12     | Identified the +6 dagger "Ruraocw" {protect, +Fly rC+ Str+3} (Okawaru gifted it to you on level 12 of the Dungeon)
 17874 | D:12     | Found a flagged portal.
 17880 | Bailey   | Entered a bailey
 18028 | Bailey   | Found a roughly hewn altar of Beogh.
 18323 | Bailey   | Reached skill level 12 in Fighting
 18384 | D:12     | Found Bitur's Food Shop.
 18533 | D:12     | Got an encrusted spear
 18534 | D:12     | Identified the +10 spear of Zijo {flame, rPois} (You found it on level 12 of the Dungeon)
 18969 | Lair:4   | Reached skill level 1 in Invocations
 19044 | Lair:4   | Found a staircase to the Swamp.
 19047 | Lair:4   | Reached skill level 13 in Fighting
 19120 | Lair:4   | Reached XP level 14. HP: 132/132 MP: 14/14
 19669 | Lair:5   | Reached ****** piety under Okawaru
 19669 | Lair:5   | Received a gift from Okawaru
 19678 | Lair:5   | Reached skill level 14 in Fighting
 19876 | Lair:5   | Got a polished arbalest
 19877 | Lair:5   | Identified the +6 arbalest of Hospitality {penet, +Blink rPois} (You found it on level 5 of the Lair of Beasts)
 19902 | Lair:5   | Found a staircase to the Slime Pits.
 20493 | Lair:6   | Entered Level 6 of the Lair of Beasts
 20585 | Lair:6   | Reached skill level 15 in Fighting
 20946 | Lair:6   | Reached skill level 16 in Fighting
 20992 | Lair:6   | Got a smoking war axe
 20993 | Lair:6   | Identified the cursed +1 war axe "Iggiebby" {venom, rF+ Int+4} (You found it on level 6 of the Lair of Beasts)
 21061 | Lair:6   | Reached skill level 17 in Fighting
 21661 | Lair:6   | Got a polished chain mail
 21672 | Lair:6   | Identified the +8 chain mail "Aghukeng" {rPois Str-5 Dex+6} (You found it on level 6 of the Lair of Beasts)
 22471 | Snake:1  | Entered Level 1 of the Snake Pit
 22489 | Lair:2   | Reached skill level 18 in Fighting
 22579 | Snake:1  | Found a radiant altar of Vehumet.
 22599 | Snake:1  | Reached skill level 19 in Fighting
 23183 | Snake:1  | Reached XP level 15. HP: 142/159 MP: 14/17
 23288 | Snake:1  | Reached skill level 20 in Fighting
 23321 | Snake:1  | Received a gift from Okawaru
 23371 | Snake:1  | Found a stormy altar of Qazlal.
 24139 | Snake:2  | Noticed Aizul
 24170 | Snake:1  | Killed Aizul
 24170 | Snake:1  | Reached skill level 21 in Fighting
 24419 | Snake:2  | Noticed a nagaraja
 24439 | Snake:2  | Killed a nagaraja
 24635 | Snake:2  | Received a gift from Okawaru
 24669 | Snake:2  | Reached skill level 22 in Fighting
 24946 | Snake:2  | Found a radiant altar of Vehumet.
 24947 | Snake:2  | Found a runed door.
 25366 | Snake:2  | Received a gift from Okawaru
 25489 | Snake:2  | Noticed a nagaraja
 25516 | Snake:2  | Killed a nagaraja
 25516 | Snake:2  | Reached skill level 23 in Fighting
 25865 | Snake:3  | Noticed Asterion
 26030 | Snake:3  | Killed Asterion
 26372 | Snake:3  | Noticed Mara
 26387 | Snake:3  | Noticed vishdafish's illusion
 26419 | Snake:4  | Entered Level 4 of the Snake Pit
 27022 | Snake:3  | Reached XP level 16. HP: 159/178 MP: 16/18
 27024 | Snake:3  | Noticed vishdafish's illusion
 27095 | Snake:1  | Received a gift from Okawaru
 27264 | Snake:1  | Identified a +1 pair of boots of running (Okawaru gifted it to you on level 1 of the Snake Pit)
 27592 | D:12     | You fall through a shaft!
 27592 | D:13     | Noticed Rupert
 27614 | D:13     | Killed Rupert
 27614 | D:13     | Reached skill level 24 in Fighting
 27714 | D:13     | Found a gate to the Vaults.
 27892 | D:13     | Found a portal to a secret trove of treasure.
 28107 | D:13     | Noticed Kirke
 28153 | D:13     | Noticed a sphinx
 28154 | D:13     | Killed Kirke
 29004 | D:14     | Found a burning altar of Makhleb.
 29692 | D:15     | Entered Level 15 of the Dungeon
 29891 | D:15     | Reached skill level 25 in Fighting
 30303 | D:15     | Received a gift from Okawaru
 30312 | D:15     | Got a translucent broad axe {god gift}
 30313 | D:15     | Identified the +1 broad axe "Mupnanit" {antimagic, rF+ Str+4} (Okawaru gifted it to you on level 15 of the Dungeon)
 30319 | D:15     | Gained mutation: Your flesh is heat resistant. (rF+) [mutagenic meat]
 30322 | D:15     | Lost mutation: You expend magic power (3 MP) to strengthen your wands. [mutagenic meat]
 30337 | D:15     | Found a staircase to the Depths.
 30392 | D:15     | Gained mutation: Your skin changes colour to match your surroundings (Stealth+). [mutagenic meat]
 30393 | D:15     | Gained mutation: You are surrounded by a mild repulsion field. (EV +2) [mutagenic meat]
 30400 | D:15     | Gained mutation: You evolve. [mutagenic meat]
 30508 | D:15     | Found a sparkling altar of Nemelex Xobeh.
 30876 | Depths:1 | Entered Level 1 of the Depths
 30891 | Depths:1 | Cast into level 2 of the Abyss (a wizard)
 31096 | Abyss:2  | Lost mutation: You occasionally shout uncontrollably at your foes. [evolution]
 31401 | Abyss:2  | Paralysed by accursed screaming for 1 turns
 31414 | Abyss:2  | Received a gift from Okawaru
 31426 | Abyss:2  | Gained mutation: You are frail. (-10% HP) [a neqoxec]
 31549 | Abyss:2  | Noticed a tentacled starspawn
 31551 | Abyss:2  | Noticed an Executioner
 31561 | Abyss:2  | HP: 6/165 [Executioner (illusionary) (10)]
 31562 | Abyss:2  | Mangled by a rakshasa

Skill      XL: |  1  2  3  4  5  6  7  8  9 10 11 12 13 14 15 16 |
---------------+-------------------------------------------------+-----
Shields        | 4 5 6 8 9 11 13 15 17 | 17.2
Fighting       | 4 5 6 7 9 10 13 19 23 25 | 25.0
Axes           | 3 5 6 7 8 10 11 | 11.6
Armour         | 4 5 6 7 9 10 12 13 14 | 14.9
Dodging        | 1 2 3 4 5 6 7 9 |  9.3
Evocations     | 1 2 3 |  3.6
Invocations    | 1 4 |  4.7
Polearms       | |  0.5
Stealth        | |  0.6

Action                   |  1- 3 |  4- 6 |  7- 9 | 10-12 | 13-15 | 16-18 || total
-------------------------+-------+-------+-------+-------+-------+-------++-------
Melee: War axe           |    86 |    38 |       |       |       |       ||   124
       Headbutt          |     8 |    20 |    61 |   267 |   430 |   238 ||  1024
       Hand axe          |       |    81 |   296 |   884 |   465 |       ||  1726
       Spear             |       |       |       |       |  1127 |   425 ||  1552
       Broad axe         |       |       |       |       |       |   230 ||   230
Invok: Heroism           |       |       |       |       |     4 |       ||     4
       Finesse           |       |       |       |       |     5 |     2 ||     7
 Abil: Evoke Blink       |       |       |       |       |     2 |     1 ||     3
Evoke: Wand              |       |       |     2 |    15 |    17 |       ||    34
  Use: Scroll            |       |       |     5 |     6 |    20 |     5 ||    36
       Potion            |       |       |     1 |    15 |     5 |     1 ||    22
  Eat: Bread ration      |       |     2 |     2 |     3 |     6 |     4 ||    17
       Meat ration       |       |       |       |     4 |       |       ||     4
       Chunk             |       |       |       |     6 |       |     7 ||    13
       Royal jelly       |       |       |       |     1 |       |       ||     1
       Fruit             |       |       |       |       |    14 |     3 ||    17
Armor: Scale mail        |    32 |    26 |    11 |       |       |       ||    69
       Chain mail        |       |       |    80 |   231 |   557 |   168 ||  1036
Dodge: Dodged            |    25 |    25 |    57 |   196 |   584 |   199 ||  1086
Block: Shield            |    72 |    70 |   209 |   663 |  1162 |   493 ||  2669
       Reflection        |     7 |     1 |     2 |    14 |   104 |    27 ||   155
       Other             |       |       |       |       |    75 |       ||    75
